 Dungeon Crawl Stone Soup version 0.30-a0-782-ge64f9170bb (webtiles) character file.

Game seed: 16879373825559251217

52640 mopl the Cleaver (level 15, -13/112 HPs)
             Began as a Formicid Warper on Mar 7, 2023.
             Was a High Priest of Cheibriados.
             Killed by divine providence
             ... invoked by Saint Roka
              (14 damage)
             ... on level 1 of the Orcish Mines.
             The game lasted 00:32:36 (19972 turns).

mopl the Cleaver (Formicid Warper)                 Turns: 19972, Time: 00:32:37

Health: -13/112    AC: 27    Str: 35    XL:     15   Next: 6%
Magic:  22/22      EV: 15    Int: 33    God:    Cheibriados [*****.]
Gold:   1733       SH:  7    Dex: 28    Spells: 9/24 levels left

rFire   . . .      SeeInvis +    a - +4 spear (venom)
rCold   + + .      Faith    +    Z - +0 buckler
rNeg    . . .      Spirit   .    F - +6 chain mail of Gravity {rC++}
rPois   +          Reflect  .    (helmet unavailable)
rElec   .          Harm     .    r - +0 cloak of the Soft God {rPois Int+2 Dex+3}
rCorr   .          Rampage  .    T - +2 pair of gloves
Will    +....                    p - +0 pair of boots Stlth
                                 R - amulet of faith {!P}
HPRegen 0.38/turn                k - +4 ring of protection
MPRegen 0.18/turn                y - +6 ring of strength

@: brilliant, very slow
A: permanent stasis, dig shafts and tunnels, antennae 3, four strong arms
a: Dig, Shaft Self, Renounce Religion, Bend Time, Temporal Distortion, Slouch,
Step From Time


You were on level 1 of the Orcish Mines.
You worshipped Cheibriados.
Cheibriados was extremely pleased with you.
You visited 4 branches of the dungeon, and saw 19 of its levels.
You also visited: Ossuary.

You collected 1733 gold pieces.

Inventory:

Hand Weapons
 a - a +4 spear of venom (weapon)
 b - the +9 short sword "Gram" {heavy, rCorr Dex+2 SInv}
   (You found it on level 3 of the Dungeon)

   Dex:       It affects your dexterity (+2).
   SInv:      It lets you see invisible.
   rCorr:     It protects you from acid and corrosion.
 c - a +3 battleaxe
 U - a +2 great sword of flaming
Missiles
 d - 5 boomerangs of dispersal
 n - a curare-tipped dart
 o - 40 poisoned darts (quivered)
 t - 12 boomerangs
 M - 5 javelins
 Y - a throwing net
Armour
 p - a +0 pair of boots (worn)
 r - the +0 cloak of the Soft God (worn) {rPois Int+2 Dex+3}
   (You found it on level 5 of the Lair of Beasts)

   Int:       It affects your intelligence (+2).
   Dex:       It affects your dexterity (+3).
   rPois:     It protects you from poison.
 F - the +6 chain mail of Gravity (worn) {rC++}
   (You found it on level 6 of the Dungeon)

   rC:        It greatly protects you from cold.
 T - a +2 pair of gloves (worn)
 Z - a +0 buckler (worn)
Jewellery
 k - a +4 ring of protection (left hand)
 y - a +6 ring of strength (right hand)
 R - an amulet of faith (around neck) {!P}
Wands
 i - a wand of paralysis (38)
 s - a wand of mindburst (25)
 C - a wand of polymorph (7)
 K - a wand of flame (53)
 O - a wand of acid (3)
 P - a wand of iceblast (3)
Scrolls
 e - 4 scrolls of fear
 l - 3 scrolls of vulnerability {unknown}
 u - 6 scrolls of amnesia {unknown}
 v - 4 scrolls of noise {unknown}
 w - 3 scrolls of enchant armour {unknown}
 z - a scroll of immolation {unknown}
 B - 4 scrolls of enchant weapon {unknown}
 D - 3 scrolls of fog {unknown}
 E - 6 scrolls of teleportation {unknown}
 G - a scroll of poison {unknown}
 J - a scroll of brand weapon {unknown}
 N - 2 scrolls of magic mapping {unknown}
 S - a scroll of summoning {unknown}
 X - a scroll of silence {unknown}
Potions
 f - 8 potions of curing
 g - 7 potions of brilliance
 h - 4 potions of heal wounds {unknown}
 j - 4 potions of flight
 m - 3 potions of might
 q - 4 potions of lignification {!q}
 x - a potion of magic
 A - 9 potions of haste {unknown}
 I - a potion of ambrosia
 Q - 3 potions of resistance
 V - 2 potions of cancellation {unknown}


   Skills:
 + Level 8.4 Fighting
 * Level 13.4 Axes
 + Level 7.8 Throwing
 + Level 8.2 Armour
 + Level 7.1 Dodging
 + Level 4.5 Shields
 - Level 5.0 Spellcasting
 + Level 10.5 Translocations
 + Level 2.9 Air Magic
 + Level 8.5 Invocations
 + Level 7.5 Evocations


You had 9 spell levels left.
You knew the following spells:

 Your Spells              Type           Power      Damage    Failure   Level
a - Vhi's Electric Charg  Tloc/Air       100%       N/A       3%          3
b - Lesser Beckoning      Tloc           100%       N/A       1%          2
c - Manifold Assault      Tloc           87%        N/A       2%          4
f - Portal Projectile     Hex/Tloc       100%       N/A       7%          3
t - Teleport Other        Tloc           87%        N/A       1%          3

Your spell library contained the following spells:

 Spells                   Type           Power      Damage    Failure   Level
 Magic Dart               Conj           48%        1d5       21%         1
 Sandblast                Erth           24%        2d8       21%         1
 Ensorcelled Hibernation  Hex/Ice        24%        N/A       30%         2
 Passwall                 Tmut/Erth      10%        N/A       30%         2
 Searing Ray              Conj           24%        2d5       30%         2
 Sublimation of Blood     Necr           12%        N/A       30%         2
 Call Canine Familiar     Summ           12%        N/A       52%         3
 Ozocubu's Armour         Ice            12%        N/A       52%         3
 Spider Form              Tmut/Pois      12%        N/A       52%         3
 Stone Arrow              Conj/Erth      24%        3d8       52%         3
 Tukima's Dance           Hex            12%        N/A       52%         3
 Summon Lightning Spire   Summ/Air       26%        N/A       73%         4
 Anguish                  Hex/Necr       6%         N/A       89%         4
 Fulminant Prism          Conj/Hex       6%         3d6       89%         4
 Leda's Liquefaction      Hex/Erth       6%         N/A       89%         4
 Petrify                  Tmut/Erth      12%        N/A       89%         4
 Blade Hands              Tmut           6%         N/A       99%         5
 Irradiate                Conj/Tmut      6%         3d13      99%         5
 Metabolic Englaciation   Hex/Ice        6%         N/A       99%         5
 Simulacrum               Ice/Necr       6%         N/A       100%        6
 Storm Form               Tmut/Air       13%        N/A       100%        7
 Maxwell's Capacitive Co  Air            20%        ∞         100%        8
 Blink                    Tloc           Unusable   N/A       N/A         2

Dungeon Overview and Level Annotations

Branches:
Dungeon (11/15)            Temple (1/1) D:4            Lair (5/5) D:8
  Swamp (0/4) Lair:2       Spider (0/4) Lair:3        Slime (0/5) Lair:4
    Orc (2/2) D:9         Ossuary (visited)
    Elf: Orc:2

Altars:
Ashenzari
Cheibriados
Dithmenos
Elyvilon
Fedhas
Gozag
Hepliaklqana
Kikubaaqudgha
Makhleb
Nemelex Xobeh
Okawaru
Qazlal
Ru
Sif Muna
Trog
Uskayaw
Vehumet
Wu Jian
Xom
Yredelemnul
Zin
The Shining One

Shops:
Orc:1 [

Annotations:
D:6 2 transporters, Flugkiller's ghost, novice DsDe
Lair:2 fly
Lair:4 1 runed translucent door, gengaozo's ghost, journeyman MeEE
Orc:1 Saint Roka
Orc:2 Urug


Innate Abilities, Weirdness & Mutations

You cannot be hasted, slowed, berserked, paralysed or teleported.
You can dig through walls and to a lower floor.
You have a pair of large antennae on your head. (SInv)
Your four strong arms can wield two-handed weapons with a shield.


Message History

Beogh smites you! The ogre closely misses you.
You climb upwards.
There is a stone staircase leading down here.
Unknown command.
As you read the scroll of fear, it crumbles to dust.
You assume a fearsome visage.
Saint Roka resists with almost no effort.
The ogre looks frightened!
Saint Roka calls down the wrath of Beogh upon you.
Beogh smites you!
* * * LOW HITPOINT WARNING * * *
It was a potion of brilliance.
You feel clever all of a sudden.
Saint Roka invokes the aid of Beogh against you.
Beogh smites you!
* * * LOW HITPOINT WARNING * * *
Unknown command.
Throw: 40 darts (poison)
Press: ? - help, Q - select action, (/) - cycle Shift-Dir - straight line, f - Saint Roka
Aim: Saint Roka, wielding a +3 heavy war axe and wearing a +2 chain mail of willpower (77% to hit)
Okay, then.
Throw: 7 boomerangs (disperse)
Press: ? - help, Shift-Dir - straight line, f - Saint Roka
Aim: Saint Roka, wielding a +3 heavy war axe and wearing a +2 chain mail of willpower (77% to hit)
You throw a boomerang of dispersal.
The boomerang of dispersal hits Saint Roka but does no damage.
Saint Roka mumbles some strange prayers to Beogh against you.
Beogh smites you!
* * * LOW HITPOINT WARNING * * *
Throw: 6 boomerangs (disperse)
Press: ? - help, Shift-Dir - straight line, f/p - Saint Roka
Aim: Saint Roka, wielding a +3 heavy war axe and wearing a +2 chain mail of willpower (77% to hit)
You throw a boomerang of dispersal.
The boomerang of dispersal hits Saint Roka!
Saint Roka blinks!
Saint Roka is lightly wounded.
The ogre gives up.
Saint Roka invokes the aid of Beogh against you.
Beogh smites you!
You die...

################# #########
##.#.##....#.##..#######.##.#...
#....................##.........
##.............O......##........
##...................###........
#..................#.##....#.#..
##............)[......##........
###.##........@).....#.........
####.#.......[.§.o....#...∩....
##...........................#..
#..........................##...
##...................#.....#....
##..#...............###.........
#..................###..........
#.).....#.....#.....##..........
#....................##.......).


You could see Saint Roka and an ogre (fleeing).

Vanquished Creatures
  Rupert (Lair:3)
  An ice dragon (Lair:5)
  Erolcha (Orc:2)
  4 hydras
  A catoblepas (Lair:5)
  A ghost crab (Lair:2)
  5 two-headed ogres
  A boulder beetle (Lair:2)
  2 orc high priests (Orc:1)
  2 skysharks
  A lindwurm (Lair:5)
  An orc knight (Orc:1)
  A wolf spider (Lair:5)
  Maurice (D:8)
  17 black mambas
  A guardian serpent (Lair:5)
  2 gargoyles
  5 torpor snails (Lair:5)
  11 cane toads
  An unseen horror (D:10)
  2 komodo dragons
  4 trolls
  A meliai (D:8)
  4 tyrant leeches (Lair:5)
  Prince Ribbit (D:5)
  8 hornets (Lair:5)
  7 blink frogs
  A jumping spider (Lair:3)
  Sigmund (D:2)
  38 yaks
  2 culicivoras (Lair:3)
  A wraith (D:11)
  A shadow (D:8)
  2 basilisks
  2 spectral komodo dragons (Lair:2)
  13 wyverns
  2 vampire mosquitoes (D:11)
  A spectral cane toad (Lair:2)
  3 redbacks (Lair:5)
  5 wargs
  18 water moccasins
  A swamp drake (D:9)
  19 orc warriors
  A spectral blink frog (Lair:2)
  3 black bears
  13 ogres
  3 sky beasts
  A centaur (D:9)
  10 wolves
  2 phantoms
  2 kobold brigands (D:8)
  10 bullfrogs
  A gnoll sergeant (D:11)
  A spectral water moccasin (Lair:2)
  2 scorpions
  13 wights
  3 water moccasin zombies (Ossuary)
  6 killer bees (D:10)
  4 howler monkeys
  2 jellies (D:6)
  An electric eel (Lair:2)
  11 orc priests
  4 hounds
  Crazy Yiuf (D:2)
  Natasha (thrice) (D:3)
  3 iguanas (D:5)
  19 orc wizards
  8 hell rats
  2 mummies (Ossuary)
  4 adders
  11 gnolls
  A shadow imp (D:6)
  A white imp (D:6)
  An ufetubus (D:5)
  9 adder zombies (Ossuary)
  3 dart slugs (D:4)
  A worm (D:2)
  75 orcs
  7 ball pythons
  4 bats
  7 endoplasms
  A giant cockroach (D:1)
  3 gnoll zombies (Ossuary)
  9 goblins
  A hobgoblin (D:4)
  18 kobolds
  3 quokkas
  2 frilled lizards
  2 goblin zombies (D:7)
  3 hobgoblin zombies (Ossuary)
  5 kobold zombies (Ossuary)
  4 orc zombies (Ossuary)
  6 rats
  A bush (Lair:5)
508 creatures vanquished.

Vanquished Creatures (others)
  21 fungi
  34 plants
55 creatures vanquished.

Grand Total: 563 creatures vanquished

Notes
Turn   | Place    | Note
-------+----------+-------------------------------------------
     0 | D:1      | mopl the Formicid Warper began the quest for the Orb.
     0 | D:1      | Reached XP level 1. HP: 16/16 MP: 3/3
   234 | D:1      | Reached XP level 2. HP: 22/22 MP: 5/5
   448 | D:1      | You fall into a shaft and drop 1 floor!
   812 | D:2      | Reached skill level 2 in Dodging
   838 | D:2      | Reached XP level 3. HP: 28/28 MP: 6/6
  1045 | D:2      | Noticed Sigmund
  1056 | D:2      | Killed Sigmund
  1057 | D:2      | Reached skill level 3 in Axes
  1057 | D:2      | Reached skill level 2 in Throwing
  1057 | D:2      | Reached skill level 2 in Armour
  1057 | D:2      | Reached skill level 3 in Translocations
  1057 | D:2      | Reached XP level 4. HP: 34/34 MP: 6/8
  1057 | D:2      | Reached XP level 5. HP: 40/40 MP: 6/9
  1338 | D:1      | Found a faded altar of an unknown god.
  1488 | D:1      | Reached XP level 6. HP: 46/46 MP: 10/10
  1845 | D:2      | Found a runed translucent door.
  1846 | D:2      | Noticed Crazy Yiuf
  1853 | D:2      | Killed Crazy Yiuf
  1854 | D:2      | Reached skill level 3 in Fighting
  2092 | D:3      | Found a sparkling altar of Nemelex Xobeh.
  2121 | D:3      | Noticed Natasha
  2132 | D:3      | Killed Natasha
  2153 | D:3      | Found a white marble altar of Elyvilon.
  2153 | D:3      | Found a hazy altar of Hepliaklqana.
  2161 | D:3      | Found a blossoming altar of Fedhas.
  2166 | D:3      | Found a radiant altar of Vehumet.
  2188 | D:3      | Reached skill level 3 in Spellcasting
  2191 | D:3      | Learned a level 2 spell: Lesser Beckoning
  2195 | D:3      | Learned a level 3 spell: Teleport Other
  2270 | D:3      | Noticed Natasha
  2274 | D:3      | Killed Natasha
  2333 | D:3      | Found an ornate altar of the Wu Jian Council.
  2429 | D:3      | Identified the +9 short sword "Gram" {heavy, rCorr Dex+2
                  | SInv}
  2501 | D:3      | Noticed Natasha
  2503 | D:3      | Killed Natasha
  2693 | D:3      | Reached XP level 7. HP: 46/52 MP: 11/11
  2697 | D:3      | Reached skill level 4 in Axes
  2805 | D:4      | Found a sacrificial altar of Ru.
  2997 | D:4      | Found a glowing silver altar of Zin.
  3069 | D:4      | Found a staircase to the Ecumenical Temple.
  3080 | Temple   | Entered the Ecumenical Temple
  3178 | Temple   | Became a worshipper of Cheibriados the Contemplative
  3395 | D:4      | Found a white marble altar of Elyvilon.
  3481 | D:4      | Reached skill level 3 in Armour
  3705 | D:5      | Entered Level 5 of the Dungeon
  3713 | D:5      | Reached skill level 3 in Throwing
  3713 | D:5      | Reached skill level 3 in Dodging
  3833 | D:5      | Learned a level 3 spell: Vhi's Electric Charge
  3837 | D:5      | Learned a level 3 spell: Portal Projectile
  3854 | D:5      | Reached skill level 1 in Invocations
  3883 | D:5      | Reached skill level 1 in Evocations
  3883 | D:5      | Reached XP level 8. HP: 58/60 MP: 12/12
  3903 | D:5      | Found an iron altar of Okawaru.
  4179 | D:5      | Noticed Prince Ribbit
  4201 | D:5      | Killed Prince Ribbit
  4202 | D:5      | Reached skill level 4 in Fighting
  4202 | D:5      | Reached skill level 5 in Axes
  4457 | D:5      | Reached skill level 4 in Translocations
  4457 | D:5      | Reached skill level 2 in Invocations
  4784 | D:5      | Reached skill level 2 in Evocations
  4998 | D:6      | Found a transporter.
  5001 | D:6      | Identified the +9 great mace of the Hierophant {holy, *Slow
                  | rF+++ Str-3 Dex+7}
  5002 | D:6      | Found a transporter.
  5002 | D:6      | Noticed Flugkiller's ghost (novice DsDe)
  5197 | D:6      | Reached * piety under Cheibriados
  5220 | D:6      | Identified the +6 chain mail of Gravity {rC++}
  5260 | D:6      | Reached skill level 4 in Armour
  5260 | D:6      | Reached XP level 9. HP: 66/66 MP: 13/13
  5375 | D:6      | Reached skill level 4 in Throwing
  5375 | D:6      | Reached skill level 3 in Invocations
  5824 | D:7      | Reached skill level 6 in Axes
  5824 | D:7      | Reached skill level 3 in Evocations
  5856 | D:7      | Found a sand-covered staircase.
  5874 | Ossuary  | Entered an ossuary
  5915 | Ossuary  | Reached ** piety under Cheibriados
  5946 | Ossuary  | Reached skill level 4 in Dodging
  6101 | D:7      | Reached skill level 10 in Axes
  6101 | D:7      | Reached skill level 8 in Translocations
  6101 | D:7      | Reached XP level 10. HP: 73/73 MP: 15/15
  6126 | D:7      | Learned a level 4 spell: Manifold Assault
  6616 | D:7      | Reached skill level 5 in Fighting
  6682 | D:7      | Reached *** piety under Cheibriados
  6745 | D:7      | Reached XP level 11. HP: 68/73 MP: 16/16
  6907 | D:7      | Found a stormy altar of Qazlal.
  6913 | D:7      | Found a basalt altar of Yredelemnul.
  6916 | D:7      | Found a broken altar of Ashenzari.
  6953 | D:8      | Reached skill level 9 in Translocations
  6964 | D:8      | Found a staircase to the Lair.
  7421 | D:8      | Found a shimmering altar of Xom.
  7450 | D:8      | Reached **** piety under Cheibriados
  7509 | D:8      | Found a shimmering altar of Xom.
  7525 | D:8      | Reached skill level 5 in Armour
  7525 | D:8      | Reached skill level 4 in Invocations
  7785 | D:8      | Noticed Maurice
  7806 | D:8      | Killed Maurice
  7807 | D:8      | Reached skill level 4 in Spellcasting
  7817 | D:8      | HP: 3/75 [poisoned by Maurice]
  8049 | D:8      | Found a stormy altar of Qazlal.
  8605 | D:9      | Reached skill level 4 in Evocations
  8732 | D:9      | Found a staircase to the Orcish Mines.
  9111 | D:10     | Entered Level 10 of the Dungeon
  9416 | D:10     | Reached skill level 11 in Axes
  9416 | D:10     | Reached skill level 5 in Throwing
  9874 | D:11     | Reached skill level 5 in Invocations
 10067 | D:10     | Reached XP level 12. HP: 52/87 MP: 18/18
 10344 | D:11     | Reached ***** piety under Cheibriados
 10531 | D:11     | Reached skill level 6 in Fighting
 10549 | D:11     | Reached skill level 5 in Dodging
 10920 | Lair:1   | Entered Level 1 of the Lair of Beasts
 12042 | Lair:1   | Reached skill level 6 in Armour
 12042 | Lair:1   | Reached skill level 5 in Spellcasting
 12067 | Lair:2   | Noticed a boulder beetle
 12076 | Lair:2   | Killed a boulder beetle
 12077 | Lair:2   | Reached skill level 5 in Evocations
 12105 | Lair:2   | Noticed a four-headed hydra
 12124 | Lair:2   | Killed a four-headed hydra
 12342 | Lair:2   | Noticed a skyshark
 12360 | Lair:2   | Reached skill level 6 in Invocations
 12370 | Lair:2   | Killed a skyshark
 12387 | Lair:2   | Reached ****** piety under Cheibriados
 12399 | Lair:2   | Reached skill level 6 in Throwing
 12609 | Lair:2   | Reached XP level 13. HP: 95/95 MP: 20/20
 12662 | Lair:2   | Reached skill level 12 in Axes
 12749 | Lair:2   | Noticed a ghost crab
 12779 | Lair:2   | Killed a ghost crab
 12945 | Lair:2   | Found a staircase to the Swamp.
 12975 | Lair:2   | Reached skill level 7 in Fighting
 13936 | Lair:3   | Reached skill level 6 in Dodging
 13936 | Lair:3   | Reached skill level 6 in Evocations
 14288 | Lair:3   | Noticed Rupert
 14300 | Lair:3   | Killed Rupert
 14301 | Lair:3   | Reached skill level 7 in Armour
 14301 | Lair:3   | Reached skill level 10 in Translocations
 14301 | Lair:3   | Reached skill level 7 in Invocations
 14550 | Lair:3   | Found a hole to the Spider Nest.
 15668 | Lair:4   | Found a staircase to the Slime Pits.
 15754 | Lair:4   | Found a runed translucent door.
 15755 | Lair:4   | Noticed gengaozo's ghost (journeyman MeEE)
 16226 | Lair:5   | Entered Level 5 of the Lair of Beasts
 16302 | Lair:5   | Noticed a seven-headed hydra
 16310 | Lair:5   | Killed a three-headed hydra
 16319 | Lair:5   | Reached skill level 1 in Air Magic
 16323 | Lair:5   | Reached skill level 1 in Shields
 16438 | Lair:5   | Identified the +0 cloak of the Soft God {rPois Int+2 Dex+3}
 16695 | Lair:5   | Reached XP level 14. HP: 100/103 MP: 21/21
 16750 | Lair:5   | Reached skill level 7 in Throwing
 16772 | Lair:5   | Reached skill level 2 in Shields
 17202 | Lair:5   | Reached skill level 13 in Axes
 17202 | Lair:5   | Reached skill level 2 in Air Magic
 17202 | Lair:5   | Reached skill level 7 in Evocations
 17202 | Lair:5   | Found a runed translucent door.
 17236 | Lair:5   | Reached skill level 8 in Fighting
 17295 | Lair:5   | Reached skill level 8 in Invocations
 17325 | Lair:5   | Reached skill level 3 in Shields
 18804 | Orc:1    | Entered Level 1 of the Orcish Mines
 18812 | Orc:1    | Found Wiubuegieja's Antique Armour Shop.
 19046 | Orc:1    | Found a bloodstained altar of Trog.
 19062 | Orc:1    | Reached skill level 8 in Armour
 19372 | Orc:2    | Entered Level 2 of the Orcish Mines
 19373 | Orc:2    | Noticed Erolcha
 19376 | Orc:2    | Noticed Saint Roka
 19386 | Orc:1    | Reached skill level 7 in Dodging
 19386 | Orc:1    | Reached skill level 4 in Shields
 19463 | Orc:2    | Killed Erolcha
 19776 | Orc:1    | Reached XP level 15. HP: 99/112 MP: 22/22
 19777 | Orc:2    | Noticed Urug
 19971 | Orc:1    | HP: 1/112 [Saint Roka/divine providence (12)]
 19972 | Orc:1    | Killed from afar by Saint Roka

Illustrated notes

Levels and vault maps discovered:
D:1:      dpeg_arrival_short_road, layout_basic,
          ebering_ecumenical_altar_petrified
D:2:      layout_loops_ring, uniq_sigmund, uniq_crazy_yiuf_cottage
D:3:      layout_basic, grunt_temple_overflow_open, lemuel_tele_altar,
          nicolae_wu_jian_wuxing_cycle, uniq_natasha
D:4:      layout_loops_ring, mainiacjoe_overflow_cross_hatched,
          mainiacjoe_overflow_24_doors, minmay_temple_entry_mini_moons,
          minmay_ruined_shrine
D:5:      layout_layer_cave, okawaru_gym_becter, minmay_misc_feat_pillars,
          uniq_prince_ribbit1
D:6:      layout_basic, gammafunk_ghost_smash
D:7:      layout_loops_cross, minmay_overflow_temple_star_quad, enter_ossuary_4
D:8:      layout_rooms, amcnicky_altar_gilded, lair_entry_dummy, st_stairs_6,
          hangedman_feature_mirror, uniq_maurice
D:9:      layout_rooms, erik_orc_1
D:10:     layout_long_grid
D:11:     layout_small_grid
Temple:   hellmonk_temple_beads
Lair:1:   layout_small_grid
Lair:2:   statuecave_lemuel, layout_hall_layers, nicolae_swamp_entry_spooky,
          nicolae_lair_lil_pond
Lair:3:   layout_chaotic_city, spider_nest_entry_funnel_web, uniq_rupert
Lair:4:   layout_concentric_octagons, slime_entry_1, gammafunk_ghost_grave,
          grunt_megastairs_4
Lair:5:   hangedman_lair_tendril_chambers, layout_big_grid, wormcave,
          grunt_forest_small_clearing_treed
Orc:1:    layout_caves, basic_altar, serial_shops, shop, bh_open_orc_temple
Orc:2:    st_orc_ogre_mass, layout_caves, statue_in_the_mist_lemuel,
          uniq_saint_roka, uniq_erolcha, uniq_urug

Skill      XL: |  1  2  3  4  5  6  7  8  9 10 11 12 13 14 |
---------------+-------------------------------------------+-----
Dodging        | 2 3 4 5 6 7 |  7.1
Axes           | 3 4 5 10 11 12 13 | 13.4
Throwing       | 2 3 4 5 6 7 |  7.8
Armour         | 2 3 4 5 6 7 8 |  8.2
Translocations | 3 4 8 9 10 | 10.5
Fighting       | 3 4 5 6 7 8 |  8.4
Spellcasting   | 3 4 5 |  5.0
Invocations    | 1 2 3 5 6 7 8 |  8.5
Evocations     | 1 2 3 4 5 6 7 |  7.5
Air Magic      | 1 2 |  2.9
Shields        | 1 4 |  4.5

Action                     |  1- 3 |  4- 6 |  7- 9 | 10-12 | 13-15 || total
---------------------------+-------+-------+-------+-------+-------++-------
  Melee: Hand axe          |    65 |    28 |       |       |       ||    93
         Punch             |     1 |       |     5 |    16 |     2 ||    24
         Spear             |       |    77 |   346 |   816 |   930 ||  2169
         Short sword       |       |       |     5 |    75 |    65 ||   145
         Great sword       |       |       |       |       |    10 ||    10
  Throw: Dart              |       |       |    22 |    10 |    12 ||    44
         Boomerang         |       |       |       |       |     2 ||     2
   Cast: Lesser Beckoning  |       |       |       |     3 |       ||     3
         Manifold Assault  |       |       |       |       |     5 ||     5
 Invoke: Slouch            |       |       |       |     2 |    17 ||    19
Ability: Dig               |       |       |       |     1 |       ||     1
  Evoke: Wand              |     1 |     2 |       |     1 |    12 ||    16
    Use: Scroll            |       |       |     5 |     5 |     2 ||    12
         Potion            |       |       |     1 |       |     2 ||     3
   Stab: Paralysed         |     7 |     8 |       |       |    23 ||    38
         Confused          |       |       |       |     7 |       ||     7
         Petrified         |       |       |       |       |    13 ||    13
         Distracted        |       |       |       |       |     1 ||     1
 Armour: Leather armour    |    22 |    12 |       |       |       ||    34
         Chain mail        |       |    22 |   117 |   502 |   403 ||  1044
  Dodge: Dodged            |    26 |    24 |   115 |   453 |   536 ||  1154
  Block: Buckler           |       |       |       |       |   174 ||   174

Table legend: (Time is in decaauts)
 A = Elapsed time spent in this place.
 B = Non-inter-level travel time spent in this place.
 C = Inter-level travel time spent in this place.
 D = Time resting spent in this place.
 E = Time spent auto-exploring this place.
 F = Levels seen in this place.
 G = Mean time per level.
                   A        B        C        D        E       F      G
               +--------+--------+--------+--------+--------+-----+--------+
         Total |  26209 |  24533 |   1676 |   4685 |  15271 |  20 | 1310.4 |
       Dungeon |  13341 |  12438 |    903 |   1567 |   8515 |  11 | 1212.8 |
        Temple |    115 |     99 |     16 |      0 |     88 |   1 |  115.0 |
          Lair |  10911 |  10322 |    589 |   2748 |   5857 |   5 | 2182.2 |
  Orcish Mines |   1594 |   1427 |    167 |    370 |    722 |   2 |  797.0 |
       Ossuary |    246 |    246 |      0 |      0 |     88 |   1 |  246.0 |
               +--------+--------+--------+--------+--------+-----+--------+

Top non-repeatable levels by time:
  Lair:5: 2870 daAuts
  Lair:2: 2399 daAuts
  Lair:3: 1953 daAuts
  Lair:4: 1947 daAuts
  Lair:1: 1740 daAuts
     D:8: 1670 daAuts
     D:5: 1558 daAuts
   Orc:1: 1535 daAuts
    D:10: 1505 daAuts
     D:7: 1303 daAuts
     D:9: 1270 daAuts
     D:6: 1235 daAuts
    D:11: 1051 daAuts
     D:2: 996 daAuts
     D:4: 953 daAuts
